 Dungeon Crawl Stone Soup version 0.26-a0-113-gd8a95b691d (webtiles) character file.

Game seed: 6924538064896710201

193 Bikalo the Poker (level 5, -3/42 HPs)
             Began as a Demonspawn Chaos Knight on June 27, 2020.
             Was a Plaything of Xom.
             Killed from afar by an orc wizard (4 damage)
             ... with a magic dart
             ... on level 3 of the Dungeon.
             The game lasted 00:04:36 (2291 turns).

Bikalo the Poker (Demonspawn Chaos Knight)          Turns: 2291, Time: 00:04:38

Health: -3/42      AC:  7    Str: 13    XL:     5   Next: 43%
Magic:  5/5        EV: 12    Int: 14    God:    Xom [.....*]
Gold:   117        SH:  0    Dex: 12    Spells: 4/4 levels left

rFire    + . .     SeeInvis .   a - +1 spear (chaos)
rCold    . . .     Faith    .   (no shield)
rNeg     . . .     Spirit   .   b - +2 leather armour
rPois    .         Reflect  .   k - +1 helmet
rElec    .         Harm     .   (no cloak)
rCorr    .                      (no gloves)
MR       .....                  (no boots)
Stlth    +.........             (no amulet)
HPRegen  0.14/turn              (no ring)
MPRegen  0.09/turn              (no ring)

@: no status effects
A: fire resistance 1, flame cloud immunity, sturdy frame 2
a: Renounce Religion


You were on level 3 of the Dungeon.
You worshipped Xom.
You were Xom's teddy bear.
You were not hungry.

You visited 1 branch of the dungeon, and saw 3 of its levels.

You collected 117 gold pieces.

Inventory:

Hand Weapons
 a - a +1 spear of chaos (weapon)
Armour
 b - a +2 leather armour (worn)
 k - a +1 helmet (worn)
Jewellery
 e - an uncursed ring of ice
Scrolls
 f - 3 scrolls of teleportation {unknown}
 g - 5 scrolls of identify {unknown}
 h - 5 scrolls of remove curse
 m - 2 scrolls of magic mapping {unknown}
 o - a scroll of fear {unknown}
Potions
 i - a potion of heal wounds {unknown}
 j - a potion of haste {unknown}
 l - 2 potions of curing {unknown}
 n - a potion of magic {unknown}
 p - a potion of brilliance {unknown}
Comestibles
 c - 4 rations
 d - a chunk of flesh


   Skills:
 + Level 3.8 Fighting
 * Level 4.1 Polearms
 + Level 2.7 Armour
 + Level 2.2 Dodging


You had 4 spell levels left.
You didn't know any spells.
Your spell library contained the following spells:

 Spells                   Type           Power        Failure   Level  Hunger
 Beastly Appendage        Tmut           #.....       28%         1    ##.....
 Sticks to Snakes         Tmut           #.......     41%         2    ###....
 Confusing Touch          Hex            #.......     65%         3    ####...
 Gell's Gravitas          Tloc           #.........   65%         3    ####...
 Spider Form              Tmut/Pois      #.........   65%         3    ####...
 Ice Form                 Ice/Tmut       #.......     96%         4    #####..
 Petrify                  Tmut/Erth      #.......     96%         4    #####..
 Blade Hands              Tmut           #.........   100%        5    ######.
 Metabolic Englaciation   Hex/Ice        #.........   100%        5    ######.
 Yara's Violent Unravell  Hex/Tmut       #.........   100%        5    ######.


Dungeon Overview and Level Annotations

Branches:
Dungeon (3/15)

Altars:
Okawaru
Ru
Uskayaw


Innate Abilities, Weirdness & Mutations

Your flesh is heat resistant. (rF+)
You are immune to clouds of flame.
Your movements are less encumbered by armour. (ER -4)


Message History

Beogh smites you!
You are too injured to fight recklessly!
Unknown command.
The orc wizard casts a spell at you. The magic dart hits you.
The orc wizard casts a spell at you. The puff of frost hits you!
* * * LOW HITPOINT WARNING * * *
The orc wizard casts a spell at you.
The puff of frost hits you but does no damage.
The stone staircase leading up slides away as you move beside it!
You can't go up here!
The stone staircase leading up slides away as you move beside it!
The orc priest mumbles some strange prayers to Beogh against you.
Beogh smites you!
* * * LOW HITPOINT WARNING * * *
The orc wizard points at you and mumbles some strange words.
The magic dart hits you.
You die...
Xom chortles!

...)....#......#
........#......#
........#......#
........##...###
........##...#
......#.##...#######
........##..........
........##...######.
...##.b.o.<@.#
......o.####.#
######.......######.#
....##.>b.b....oo...#
.............########
...........b.....#
.................#
.........[.......#
.................#


You could see an orc priest and an orc wizard.

Vanquished Creatures
  An orc wizard (D:3)
  5 gnolls
  3 adders
  A dart slug (D:1)
  2 leopard geckos (D:1)
  8 orcs
  3 giant cockroaches
  8 goblins
  8 hobgoblins
  2 jackals (D:3)
  A quokka (D:3)
  4 bats
  5 frilled lizards
  8 kobolds
  6 rats
65 creatures vanquished.

Vanquished Creatures (collateral kills)
  An orc wizard (D:3)
  An orc (D:3)
2 creatures vanquished.

Grand Total: 67 creatures vanquished

Notes
Turn   | Place    | Note
-------+----------+-------------------------------------------
     0 | D:1      | Bikalo the Demonspawn Chaos Knight began the quest for the
                  | Orb.
     0 | D:1      | Reached XP level 1. HP: 18/18 MP: 1/1
    12 | D:1      | XOM: divination: magic mapping
    13 | D:1      | XOM: divination: detect creatures
    32 | D:1      | Reached skill level 1 in Dodging
   193 | D:1      | XOM: cast spell 'Alistair's Intoxication'
   237 | D:1      | Gained mutation: Your movements are slightly less
                  | encumbered by armour. (ER -2) [demonic ancestry]
   237 | D:1      | Reached XP level 2. HP: 24/24 MP: 2/2
   248 | D:1      | Reached skill level 3 in Polearms
   376 | D:1      | Gained mutation: Your flesh is heat resistant. (rF+)
                  | [demonic ancestry]
   376 | D:1      | Reached XP level 3. HP: 29/29 MP: 3/3
   446 | D:1      | XOM: silly message
   864 | D:2      | Found an iron altar of Okawaru.
  1003 | D:2      | Found a sacrificial altar of Ru.
  1020 | D:2      | Gained mutation: Your movements are less encumbered by
                  | armour. (ER -4) [demonic ancestry]
  1020 | D:2      | Reached XP level 4. HP: 35/35 MP: 4/4
  1075 | D:2      | Found a hide-covered altar of Uskayaw.
  1166 | D:2      | XOM: noise
  1205 | D:2      | XOM: divination: detect items
  1237 | D:2      | XOM: 1-stop teleportation journey
  2010 | D:3      | XOM: noise
  2011 | D:3      | Gained mutation: You are immune to clouds of flame.
                  | [demonic ancestry]
  2011 | D:3      | Reached XP level 5. HP: 41/41 MP: 5/5
  2014 | D:3      | XOM: polymorph orc -> kobold
  2031 | D:3      | Reached skill level 4 in Polearms
  2052 | D:3      | XOM: cloud trail
  2147 | D:3      | XOM: silly message
  2281 | D:3      | XOM: butterfly on damage
  2291 | D:3      | HP: 1/42 [orc priest/divine providence (8)]
  2291 | D:3      | Killed from afar by an orc wizard

Illustrated notes

Levels and vault maps discovered:
D:1:      eino_arrival_water_star, layout_loops_ring, minmay_misc_feat_x,
          st_stairs_7, hex_medium, kennysheep_pointless_box
D:2:      layout_basic, nicolae_overflow_crystal_walls, old_standard_altar,
          okawaru_gym_becter
D:3:      layout_basic

Skill      XL: |  1  2  3  4  5 |
---------------+----------------+-----
Dodging        | 1 2 |  2.2
Polearms       | 3 4 |  4.1
Armour         | 2 |  2.7
Fighting       | |  3.8

Action                   |  1- 3 |  4- 6 || total
-------------------------+-------+-------++-------
Melee: Spear             |    82 |    95 ||   177
  Use: Scroll            |     2 |       ||     2
 Stab: Confused          |     1 |       ||     1
       Sleeping          |     1 |       ||     1
       Paralysed         |       |     1 ||     1
  Eat: Chunk             |       |     4 ||     4
Armor: Leather armour    |    16 |    19 ||    35
Dodge: Dodged            |    27 |    40 ||    67

Table legend:
 A = Non-vault XP
 B = Vault XP
 C = Vault XP percentage of total XP
 D = Non-vault monster count
 E = Vault monster count
 F = Vault count percentage of total count
                 A         B        C        D         E       F
            +---------+---------+-------+---------+---------+-------
      Total |     262 |      14 |   5.1 |      65 |       2 |   3.0
            +---------+---------+-------+---------+---------+-------
        D:1 |      38 |      14 |  26.9 |      22 |       2 |   8.3
        D:2 |      80 |       0 |   0.0 |      18 |       0 |   0.0
        D:3 |     144 |       0 |   0.0 |      25 |       0 |   0.0
            +---------+---------+-------+---------+---------+-------
